[Event "Dvorkovich Memorial Rapid 2018"]
[Site "Taganrog"]
[Date "2018.01.14"]
[Round "11"]
[White "Murzin, Volodar"]
[Black "Getman, Tatyana"]
[Result "1/2-1/2"]
[ECO "C00"]
[WhiteElo "2268"]
[BlackElo "2106"]
[Annotator "ChessBase"]
[PlyCount "63"]
[EventDate "2018.??.??"]
[EventType "swiss"]
[EventCountry "RUS"]
[SourceTitle "playchess.com"]
[Source "ChessBase"]
[SourceQuality "1"]
[TimeControl "900+10"]

1. e4 e6 2. d3 d5 3. Nd2 Nf6 4. Ngf3 c5 5. g3 Nc6 6. Bg2 Be7 7. O-O b6 8. Re1 Bb7 9. exd5 exd5 10. Nf1 O-O 11. Ne3 Qd7 12. d4 cxd4 13. Nxd4 Nxd4 14. Qxd4 Bc5 15. Qf4 Rfe8 16. Bd2 Ne4 17. Red1 Nxd2 18. Rxd2 Bxe3 19. fxe3 Qe6 20. Rad1 Qxe3+ 21. Qxe3 Rxe3 22. Bxd5 Bxd5 23. Rxd5 g6 24. Kf2 Rae8 25. R1d2 R8e7 26. c4 R3e6 27. Rd7 Kg7 28. Rxe7 Rxe7 29. Rd6 Kh6 30. Rd5 Kg7 31. a4 Kf6 32. Kf3 1/2-1/2

[Event "Dvorkovich Memorial Rapid 2018"]
[Site "Taganrog"]
[Date "2018.01.14"]
[Round "11"]
[White "Garkushin, Artem"]
[Black "Oganian, Roman"]
[Result "0-1"]
[ECO "A48"]
[WhiteElo "2088"]
[BlackElo "2215"]
[Annotator "ChessBase"]
[PlyCount "59"]
[EventDate "2018.??.??"]
[EventType "swiss"]
[EventCountry "RUS"]
[SourceTitle "playchess.com"]
[Source "ChessBase"]
[SourceQuality "1"]
[TimeControl "900+10"]

1. d4 Nf6 2. Nf3 g6 3. Bg5 Bg7 4. e3 h6 5. Bh4 O-O 6. Be2 d6 7. h3 Nbd7 8. O-O e5 9. c4 g5 10. Bg3 Ne4 11. Bh2 f5 12. Nfd2 Nxd2 13. Qxd2 f4 14. Nc3 c6 15. dxe5 dxe5 16. Rad1 Qe7 17. exf4 exf4 18. Bd3 Ne5 19. Bc2 Bxh3 20. Rfe1 Bg4 21. f3 Qc5+ 22. Kh1 Nxf3 23. Qd3 Bf5 24. Ne4 Nxe1 25. Rxe1 Rae8 26. Bg1 Qe5 27. Qd2 g4 28. Bc5 Bxe4 29. Rxe4 Qh5+ 30. Kg1 0-1

[Event "Dvorkovich Memorial Rapid 2018"]
[Site "Taganrog"]
[Date "2018.01.14"]
[Round "11"]
[White "Bogdanov, Rodion"]
[Black "Tomilova, Elena"]
[Result "0-1"]
[ECO "A12"]
[WhiteElo "1879"]
[BlackElo "2331"]
[Annotator "ChessBase"]
[PlyCount "144"]
[EventDate "2018.??.??"]
[EventType "swiss"]
[EventCountry "RUS"]
[SourceTitle "playchess.com"]
[Source "ChessBase"]
[SourceQuality "1"]
[TimeControl "900+10"]

1. Nf3 d5 2. c4 c6 3. b3 Bf5 4. Bb2 e6 5. g3 Nf6 6. Nh4 Bg6 7. Bg2 Nbd7 8. Nxg6 hxg6 9. Qc2 Bd6 10. Nc3 Qe7 11. a3 a5 12. O-O O-O 13. d4 Rac8 14. c5 Bc7 15. b4 e5 16. e3 b5 17. cxb6 Nxb6 18. dxe5 Bxe5 19. Na4 Bxb2 20. Nxb6 Bxa1 21. Nxc8 Rxc8 22. Rxa1 axb4 23. axb4 Qxb4 24. Rb1 Qa5 25. h3 c5 26. Kh2 c4 27. Rb7 Qa6 28. Rb1 Qd6 29. Qc3 Ne4 30. Qd4 Qc5 31. Qe5 f6 32. Qe6+ Kh7 33. Bxe4 dxe4 34. Qxe4 c3 35. Rc1 c2 36. Kg2 f5 37. Qd3 Qc6+ 38. f3 Qc5 39. h4 Rc6 40. Kh3 Rc7 41. Kg2 Qc6 42. Kf2 Qa4 43. h5 gxh5 44. Qxf5+ g6 45. Qd3 Rc4 46. e4 Qc6 47. Kg2 Rc3 48. Qd4 Qc7 49. Qd5 Qa7 50. Qd2 Qc7 51. Qd5 Rc5 52. Qd3 Rg5 53. f4 Qxf4 54. Rxc2 Rxg3+ 55. Qxg3 Qxe4+ 56. Qf3 Qxc2+ 57. Kg3 Qc7+ 58. Kh4 Qe7+ 59. Kh3 Kh6 60. Qf4+ g5 61. Qd4 Qe6+ 62. Kh2 h4 63. Qh8+ Kg6 64. Qd4 Qe2+ 65. Kh3 Qf1+ 66. Kh2 Qf4+ 67. Qxf4 gxf4 68. Kg2 Kg5 69. Kh3 f3 70. Kh2 Kf4 71. Kg1 Ke3 72. Kh2 f2 0-1

[Event "Dvorkovich Memorial Rapid 2018"]
[Site "Taganrog"]
[Date "2018.01.14"]
[Round "11"]
[White "Tyurin, Artem"]
[Black "Sipetin, Vladislav"]
[Result "1/2-1/2"]
[ECO "B18"]
[WhiteElo "1820"]
[BlackElo "2263"]
[Annotator "ChessBase"]
[PlyCount "47"]
[EventDate "2018.??.??"]
[EventType "swiss"]
[EventCountry "RUS"]
[SourceTitle "playchess.com"]
[Source "ChessBase"]
[SourceQuality "1"]
[TimeControl "900+10"]

1. e4 c6 2. d4 d5 3. Nc3 dxe4 4. Nxe4 Bf5 5. Ng3 Bg6 6. Nh3 Nf6 7. Nf4 e5 8. dxe5 Qa5+ 9. c3 Qxe5+ 10. Be2 Nbd7 11. O-O O-O-O 12. Qa4 Bc5 13. Nxg6 hxg6 14. Bf4 Rh4 15. Bxe5 Rxa4 16. Bxf6 Nxf6 17. b4 Bd6 18. Bc4 Rd7 19. Bb3 Ra3 20. Rad1 Bxg3 21. fxg3 Rxd1 22. Rxd1 Nd5 23. Rd3 a5 24. bxa5 1/2-1/2